 Dungeon Crawl Stone Soup version 0.27-a0-1189-gb8eb6cee8e (webtiles) character file.

Game seed: 18127974831416580753

129 Zonian the Gusty (level 5, -11/37 HPs)
             Began as a Gnoll Air Elementalist on May 22, 2021.
             Mangled by a mummy (14 damage)
             ... in an ossuary.
             The game lasted 00:06:32 (4967 turns).

Zonian the Gusty (Gnoll Air Elementalist)           Turns: 4967, Time: 00:06:33

Health: -11/37     AC:  4    Str:  7    XL:     5   Next: 12%
Magic:  11/12      EV: 13    Int: 15    God:
Gold:   93         SH:  0    Dex: 13    Spells: 11/14 levels left

rFire    . . .     SeeInvis .   i - +3 dagger (venom)
rCold    . . .     Faith    .   (no shield)
rNeg     . . .     Spirit   .   a - +0 robe
rPois    .         Reflect  .   (no helmet)
rElec    .         Harm     .   g - +1 cloak
rCorr    .         Rampage  .   (no gloves)
Will     .....                  (no boots)
Stlth    +++.......             (no amulet)
HPRegen  0.12/turn              (no ring)
MPRegen  0.13/turn              (no ring)

@: no status effects
A: fangs 1, strong nose, distributed training
a: no special abilities


You were in an ossuary.
You visited 1 branch of the dungeon, and saw 4 of its levels.
You also visited: Ossuary.

You collected 93 gold pieces.

Inventory:

Hand Weapons
 c - a +0 flail
 e - a +0 short sword
 i - a +3 dagger of venom (weapon)
 l - the +6 hunting sling of Vulloigh {freeze, rPois Dex+3}
   (You acquired it on level 3 of the Dungeon)

   It causes projectiles fired from it to freeze those they strike, causing
   extra injury to most foes and up to half again as much damage against
   particularly susceptible opponents.
   They can also slow down cold-blooded creatures.
   It affects your dexterity (+3).
   It protects you from poison.
 p - a +0 short sword
Missiles
 k - 28 sling bullets
 q - 5 boomerangs
Armour
 a - a +0 robe (worn)
 f - a +0 kite shield
 g - a +1 cloak (worn)
Scrolls
 d - a scroll of fear
 h - a scroll of teleportation
 m - a scroll of summoning {unknown}
 r - a scroll of enchant armour
Potions
 b - a potion of cancellation
 j - a potion of haste
 n - a potion of attraction {unknown}
 o - 3 potions of curing
 s - a potion of heal wounds {unknown}


   Skills:
 + Level 1.3 Fighting
 + Level 1.3 Short Blades
 + Level 1.3 Long Blades
 + Level 1.3 Axes
 + Level 1.3 Maces & Flails
 + Level 1.3 Polearms
 + Level 1.3 Staves
 + Level 1.3 Slings
 + Level 1.3 Bows
 + Level 1.3 Crossbows
 + Level 1.3 Throwing
 + Level 1.3 Armour
 + Level 4.7 Dodging
 + Level 4.3 Stealth
 + Level 1.3 Shields
 + Level 1.3 Unarmed Combat
 + Level 5.1 Spellcasting
 + Level 2.3 Conjurations
 + Level 1.1 Hexes
 + Level 1.1 Summonings
 + Level 1.1 Necromancy
 + Level 1.1 Translocations
 + Level 1.1 Transmutations
 + Level 1.1 Fire Magic
 + Level 1.1 Ice Magic
 + Level 5.5 Air Magic
 + Level 1.1 Earth Magic
 + Level 1.1 Poison Magic
 + Level 1.5 Invocations
 + Level 1.3 Evocations


You had 11 spell levels left.
You knew the following spells:

 Your Spells              Type           Power      Damage    Failure   Level
a - Shock                 Conj/Air       60%        1d6       3%          1
b - Static Discharge      Conj/Air       15%        N/A       4%          2

Your spell library contained the following spells:

 Spells                   Type           Power      Damage    Failure   Level
 Swiftness                Air            20%        N/A       4%          3
 Airstrike                Air            10%        N/A       17%         4
 Lightning Bolt           Conj/Air       7%         1d20      65%         5


Dungeon Overview and Level Annotations

Branches:
Dungeon (4/15)            Ossuary (1/1)
 Temple: D:4-7

Altars:
Elyvilon
Qazlal
Ru
Vehumet
The Shining One


Innate Abilities, Weirdness & Mutations

You have very sharp teeth.
Your uncanny sense of smell can sniff out nearby items.
Your experience applies equally to all skills.


Message History

You open the door.
A mummy comes into view.
Found a silvery potion.
There is an open door here.
You hit the mummy.
The mummy is lightly damaged.
The mummy misses you.
You hit the mummy.
The mummy is lightly damaged.
You hit the mummy but do no damage.
The mummy is lightly damaged.
The mummy misses you.
You hit the mummy but do no damage.
The mummy is lightly damaged.
The mummy hits you.
You hit the mummy but do no damage.
The mummy is lightly damaged.
You hit the mummy.
The mummy is moderately damaged.
The mummy hits you!
You hit the mummy.
The mummy is moderately damaged.
Unknown command.
You hit the mummy.
The mummy is moderately damaged.
The mummy hits you!!
* * * LOW HITPOINT WARNING * * *
You hit the mummy.
The mummy is heavily damaged.
Unknown command.
There is an open door here.
Casting: Shock (safe; 3% risk of failure)
Confirm with . or Enter, or press ? or * to list all spells.
Aiming: Shock (safe; 3% risk of failure)
Press: ? - help, Shift-Dir - straight line, f - mummy
Aim: a mummy (heavily damaged, 86% to hit)
The zap hits the mummy but does no damage.
The mummy is heavily damaged.
The mummy hits you!
You die...

∆ #+# ##.##
#...# ∆
+.!.+∆
#...# #M#
##@# ##+##
##..#
#...###..##
+...'...##
#...#####
##.## #'#
##.## #∩.∩#


You could see a mummy.

Vanquished Creatures
  A mummy (D:4)
  4 adders
  2 dart slugs (D:3)
  An orc (D:3)
  10 endoplasms
  2 giant cockroaches (D:1)
  5 goblins
  5 hobgoblins
  10 jackals
  7 kobolds
  7 ball pythons
  8 bats
  3 frilled lizards
  2 kobold skeletons (Ossuary)
  2 rats
69 creatures vanquished.

Vanquished Creatures (others)
  25 plants (D:1)
25 creatures vanquished.

Grand Total: 94 creatures vanquished

Notes
Turn   | Place    | Note
-------+----------+-------------------------------------------
     0 | D:1      | Zonian the Gnoll Air Elementalist began the quest for the
                  | Orb.
     0 | D:1      | Reached XP level 1. HP: 13/13 MP: 6/6
   224 | D:1      | Reached XP level 2. HP: 19/19 MP: 3/7
  1248 | D:1      | Reached XP level 3. HP: 15/25 MP: 7/9
  1409 | D:1      | Reached skill level 5 in Spellcasting
  2060 | D:2      | Reached skill level 1 in Invocations
  2499 | D:2      | Reached skill level 1 in Fighting
  2499 | D:2      | Reached skill level 1 in Short Blades
  2499 | D:2      | Reached skill level 1 in Long Blades
  2499 | D:2      | Reached skill level 1 in Axes
  2499 | D:2      | Reached skill level 1 in Maces & Flails
  2499 | D:2      | Reached skill level 1 in Polearms
  2499 | D:2      | Reached skill level 1 in Staves
  2499 | D:2      | Reached skill level 1 in Slings
  2499 | D:2      | Reached skill level 1 in Bows
  2499 | D:2      | Reached skill level 1 in Crossbows
  2499 | D:2      | Reached skill level 1 in Throwing
  2499 | D:2      | Reached skill level 1 in Armour
  2499 | D:2      | Reached skill level 1 in Shields
  2499 | D:2      | Reached skill level 1 in Unarmed Combat
  2499 | D:2      | Reached skill level 1 in Evocations
  2917 | D:2      | Found a radiant altar of Vehumet.
  2924 | D:2      | Reached XP level 4. HP: 32/32 MP: 4/11
  3617 | D:3      | Learned a level 2 spell: Static Discharge
  3709 | D:3      | Identified a scroll of acquirement
  3709 | D:3      | Acquired the +6 hunting sling of Vulloigh {freeze, rPois
                  | Dex+3}
  4064 | D:3      | Reached skill level 1 in Hexes
  4064 | D:3      | Reached skill level 1 in Summonings
  4064 | D:3      | Reached skill level 1 in Necromancy
  4064 | D:3      | Reached skill level 1 in Translocations
  4064 | D:3      | Reached skill level 1 in Transmutations
  4064 | D:3      | Reached skill level 1 in Fire Magic
  4064 | D:3      | Reached skill level 1 in Ice Magic
  4064 | D:3      | Reached skill level 1 in Earth Magic
  4064 | D:3      | Reached skill level 1 in Poison Magic
  4201 | D:3      | Found a glowing golden altar of the Shining One.
  4289 | D:3      | Found a white marble altar of Elyvilon.
  4297 | D:3      | Found a radiant altar of Vehumet.
  4300 | D:3      | Found a stormy altar of Qazlal.
  4607 | D:3      | Found a sacrificial altar of Ru.
  4817 | D:3      | Reached XP level 5. HP: 34/37 MP: 12/12
  4923 | D:4      | Found a sand-covered staircase.
  4929 | Ossuary  | Entered an ossuary
  4967 | Ossuary  | Mangled by a mummy

Illustrated notes

Levels and vault maps discovered:
D:1:      dpeg_arrival_oval, layout_basic, serial_bayou_lagoon_a, hex_large,
          serial_bayou_pond_a, hangedman_decor_push
D:2:      layout_loops_cross, basic_altar
D:3:      layout_basic, minitemple, nicolae_ru_path_of_blood
D:4:      layout_loops_cross, nicolae_ossuary_entry_giza,
          kennysheep_decorative_pillar
Ossuary:  ossuary_due_small_catacomb

Skill      XL: |  1  2  3  4 |
---------------+-------------+-----
Conjurations   | 2 |  2.3
Spellcasting   | 5 |  5.1
Invocations    | 1 |  1.5
Fighting       | 1 |  1.3
Short Blades   | 1 |  1.3
Long Blades    | 1 |  1.3
Axes           | 1 |  1.3
Maces & Flails | 1 |  1.3
Polearms       | 1 |  1.3
Staves         | 1 |  1.3
Slings         | 1 |  1.3
Bows           | 1 |  1.3
Crossbows      | 1 |  1.3
Throwing       | 1 |  1.3
Armour         | 1 |  1.3
Shields        | 1 |  1.3
Unarmed Combat | 1 |  1.3
Evocations     | 1 |  1.3
Hexes          | 1 |  1.1
Summonings     | 1 |  1.1
Necromancy     | 1 |  1.1
Translocations | 1 |  1.1
Transmutations | 1 |  1.1
Fire Magic     | 1 |  1.1
Ice Magic      | 1 |  1.1
Earth Magic    | 1 |  1.1
Poison Magic   | 1 |  1.1
Dodging        | |  4.7
Stealth        | |  4.3
Air Magic      | |  5.5

Action                   |  1- 3 |  4- 6 || total
-------------------------+-------+-------++-------
Melee: Flail             |     8 |       ||     8
       Bite              |     1 |     3 ||     4
       Dagger            |    21 |    33 ||    54
 Cast: Shock             |    74 |    48 ||   122
  Use: Potion            |     2 |       ||     2
       Scroll            |       |     8 ||     8
 Stab: Sleeping          |     1 |     2 ||     3
Armor: Robe              |    12 |     6 ||    18
Dodge: Dodged            |    34 |    16 ||    50

Table legend: (Time is in decaauts)
 A = Elapsed time spent in this place.
 B = Non-inter-level travel time spent in this place.
 C = Inter-level travel time spent in this place.
 D = Time resting spent in this place.
 E = Time spent auto-exploring this place.
 F = Levels seen in this place.
 G = Mean time per level.
                   A        B        C        D        E       F      G
               +--------+--------+--------+--------+--------+-----+--------+
         Total |   4953 |   4853 |    100 |   1757 |   2565 |   5 |  990.6 |
       Dungeon |   4916 |   4816 |    100 |   1757 |   2565 |   4 | 1229.0 |
       Ossuary |     36 |     36 |      0 |      0 |      0 |   1 |   36.0 |
               +--------+--------+--------+--------+--------+-----+--------+

Top non-repeatable levels by time:
     D:1: 1895 daAuts
     D:2: 1706 daAuts
     D:3: 1305 daAuts
 Ossuary: 36 daAuts
     D:4: 9 daAuts
